 Dungeon Crawl Stone Soup version 0.27-a0-1139-g28e009f8a6 (webtiles) character file.

Game seed: 5001010078762556758

1226 HoaS the Cruncher (level 8, 0/44 HPs)
             Began as a Gargoyle Gladiator on May 7, 2021.
             Was a Follower of Okawaru.
             Slain by a gnoll
             ... wielding a +2 spear of flaming
              (6 damage)
             ... on level 5 of the Dungeon.
             The game lasted 00:09:07 (4289 turns).

HoaS the Cruncher (Gargoyle Gladiator)              Turns: 4289, Time: 00:09:08

Health: 0/44       AC: 14    Str: 19    XL:     8   Next: 47%
Magic:  10/10      EV:  7    Int: 10    God:    Okawaru [*.....]
Gold:   245        SH:  0    Dex: 11    Spells: 7/7 levels left

rFire    . . .     SeeInvis .   a - +2 quarterstaff
rCold    . . .     Faith    .   (shield currently unavailable)
rNeg     + + .     Spirit   .   g - +0 chain mail
rPois    ∞         Reflect  .   c - +0 helmet
rElec    +         Harm     .   (no cloak)
rCorr    +         Rampage  .   (no gloves)
Will     .....                  (no boots)
Stlth    ..........             (no amulet)
HPRegen  0.14/turn              l - ring of resist corrosion
MPRegen  0.12/turn              m - ring of positive energy

@: no status effects
A: sickness immunity, AC +5, negative energy resistance 1, electricity
resistance, torment resistance 1, unbreathing 1, petrification resistance
a: Renounce Religion, Heroism


You were on level 5 of the Dungeon.
You worshipped Okawaru.
Okawaru was aware of your devotion.
You visited 1 branch of the dungeon, and saw 5 of its levels.

You collected 245 gold pieces.

Inventory:

Hand Weapons
 a - a +2 quarterstaff (weapon)
Missiles
 b - 81 arrows
 d - 2 throwing nets (quivered)
 k - 41 bolts
 p - 5 poisoned darts
Armour
 c - a +0 helmet (worn)
 g - a +0 chain mail (worn)
Jewellery
 l - a ring of resist corrosion (left hand)
 m - a ring of positive energy (right hand)
Scrolls
 f - a scroll of teleportation
 h - a scroll of blinking
Potions
 e - a potion of degeneration {unknown}
 i - 4 potions of lignification
 j - 2 potions of attraction
 n - a potion of curing {unknown}
 o - 3 potions of mutation
 q - a potion of haste {unknown}
 s - 2 potions of flight


   Skills:
 - Level 2.1 Fighting
 * Level 9.9 Staves
 - Level 1.7 Throwing
 - Level 2.4 Dodging
 - Level 3.0 Invocations


You had 7 spell levels left.
You didn't know any spells.
Your spell library contained the following spells:

 Spells                   Type           Power      Damage    Failure   Level
 Magic Dart               Conj           0%         1d3       99%         1
 Searing Ray              Conj           0%         3d3       100%        2
 Dazzling Flash           Conj/Hex       0%         N/A       100%        3
 Fulminant Prism          Conj/Hex       0%         3d6       100%        4
 Iskenderun's Mystic Bla  Conj/Tloc      0%         2d3       100%        4


Dungeon Overview and Level Annotations

Branches:
Dungeon (5/15)
 Temple: D:4-7

Altars:
Ashenzari
Cheibriados
Elyvilon
Gozag
Hepliaklqana
Makhleb
Okawaru
Wu Jian
The Shining One

Annotations:
D:4 3 runed translucent doors, EtherCrawl's ghost, amateur GnWr


Innate Abilities, Weirdness & Mutations

You are immune to sickness and miasma.
Your stone body is resilient. (AC +5)
You are immune to poison.
You resist negative energy. (rN+)
You are resistant to electric shocks. (rElec)
You are resistant to unholy torment.
You can survive without breathing.
You are immune to petrification.


Message History

The gnoll sergeant is severely wounded.
The gnoll sergeant hits you with a +0 trident!
You are too injured to fight recklessly!
You are too injured to fight recklessly!
You hit the gnoll sergeant.
The gnoll sergeant is severely wounded.
The gnoll sergeant hits you with a +0 trident.
You thump the gnoll sergeant!
You kill the gnoll sergeant!
Okawaru accepts your kill.
You hit the gnoll.
The gnoll is moderately wounded.
The gnoll hits you with a +3 whip.
You hit the gnoll.
The gnoll is heavily wounded.
The gnoll barely misses you.
You sock the gnoll!
You kill the gnoll!
Okawaru accepts your kill.
You hit the gnoll.
The gnoll is lightly wounded.
The gnoll hits you but does no damage.
You sock the gnoll!
The gnoll is almost dead.
The gnoll hits you from afar with a +2 spear of flaming.
The gnoll burns you.
* * * LOW HITPOINT WARNING * * *
You sock the gnoll!
You kill the gnoll!
Okawaru accepts your kill. The gnoll hits you but does no damage.
The gnoll hits you with a +2 spear of flaming.
* * * LOW HITPOINT WARNING * * *
The gnoll burns you.
* * * LOW HITPOINT WARNING * * *
Items here: ))) [ †††.
You sock the gnoll!
The gnoll is severely wounded.
The gnoll hits you with a +2 spear of flaming.
You die...

#.##..........##
#.##.#####.#.## #.##.#
#...# #.##.# #.###
#.##.# #.# #.##.#####.#
#.##.......#
....###.##.#############
#.#.# #.##.)...)@g......
#.#.###.##.#############
#.......##.######
###............)..
...........#######
############


You could see a gnoll.

Vanquished Creatures
  A wraith (D:5)
  An ogre (D:5)
  2 phantoms
  A gnoll sergeant (D:5)
  4 scorpions
  A water moccasin skeleton (D:5)
  A crimson imp (D:5)
  A centaur zombie (D:5)
  A hound (D:5)
  An orc priest (D:3)
  2 iguanas
  Natasha (thrice) (D:3)
  An orc wizard (D:5)
  A hound skeleton (D:4)
  Robin (D:2)
  4 gnolls (D:5)
  3 adders
  An adder skeleton (D:4)
  2 worms (D:2)
  2 dart slugs
  11 orcs
  7 ball pythons
  4 bats
  9 endoplasms
  4 giant cockroaches
  14 goblins
  12 hobgoblins
  11 jackals
  A quokka (D:1)
  8 frilled lizards
  A goblin skeleton (D:5)
  2 goblin zombies (D:5)
  2 hobgoblin zombies (D:5)
  A jackal skeleton (D:4)
  8 kobolds
  3 kobold skeletons (D:5)
  3 rats
  2 toadstools (D:1)
137 creatures vanquished.

Vanquished Creatures (others)
  3 fungi (D:4)
  A plant (D:4)
  2 toadstools (D:1)
6 creatures vanquished.

Grand Total: 143 creatures vanquished

Notes
Turn   | Place    | Note
-------+----------+-------------------------------------------
     0 | D:1      | HoaS the Gargoyle Gladiator began the quest for the Orb.
     0 | D:1      | Reached XP level 1. HP: 12/12 MP: 1/1
   154 | D:1      | Reached XP level 2. HP: 11/17 MP: 2/2
   510 | D:1      | Found a faded altar of an unknown god.
   544 | D:1      | Reached skill level 4 in Staves
   560 | D:1      | Reached XP level 3. HP: 15/21 MP: 3/3
   743 | D:1      | You fall into a shaft and drop 1 floor!
   822 | D:2      | Noticed Robin
   874 | D:2      | Killed Robin
  1065 | D:2      | Reached XP level 4. HP: 26/26 MP: 4/4
  1246 | D:2      | Noticed a scorpion
  1253 | D:2      | Killed a scorpion
  1254 | D:2      | Reached skill level 5 in Staves
  1254 | D:2      | Reached XP level 5. HP: 30/30 MP: 5/5
  1718 | D:3      | Noticed Natasha
  1724 | D:3      | Killed Natasha
  1725 | D:3      | Reached skill level 6 in Staves
  1732 | D:3      | Noticed Natasha
  1742 | D:3      | Killed Natasha
  1936 | D:3      | Noticed Natasha
  1943 | D:3      | Killed Natasha
  1989 | D:3      | Reached XP level 6. HP: 24/35 MP: 6/6
  2521 | D:4      | Found a burning altar of Makhleb.
  2581 | D:3      | Reached skill level 7 in Staves
  2864 | D:4      | Found a runed translucent gate.
  2865 | D:4      | Found a runed translucent gate.
  2865 | D:4      | Noticed EtherCrawl's ghost (amateur GnWr)
  2866 | D:4      | Found a runed translucent gate.
  2935 | D:4      | Found an opulent altar of Gozag.
  2963 | D:4      | Reached XP level 7. HP: 40/40 MP: 7/7
  3066 | D:4      | Found a snail-covered altar of Cheibriados.
  3075 | D:4      | Reached skill level 8 in Staves
  3121 | D:4      | Found an ornate altar of the Wu Jian Council.
  3121 | D:4      | Found a white marble altar of Elyvilon.
  3223 | D:4      | Found a hazy altar of Hepliaklqana.
  3327 | D:5      | Entered Level 5 of the Dungeon
  3411 | D:5      | Found an iron altar of Okawaru.
  3453 | D:5      | Became a worshipper of Warmaster Okawaru
  3484 | D:5      | Found a glowing golden altar of the Shining One.
  3554 | D:5      | Reached skill level 1 in Invocations
  3572 | D:5      | Found a broken altar of Ashenzari.
  3628 | D:5      | Reached skill level 9 in Staves
  3628 | D:5      | Reached XP level 8. HP: 11/44 MP: 9/9
  4012 | D:5      | Noticed a wraith
  4032 | D:5      | Killed a wraith
  4233 | D:5      | Reached * piety under Okawaru
  4289 | D:5      | Slain by a gnoll

Illustrated notes

Levels and vault maps discovered:
D:1:      ldierk_water_garden, layout_loops_cross,
          hellmonk_ecumenical_altar_zigzags
D:2:      layout_loops_corners, chequers_serial_rivers_marsh, st_stairs_8,
          uniq_robin
D:3:      layout_rooms, uniq_natasha
D:4:      layout_basic, cheibriados_altar_1, marbit_many_paths,
          nicolae_gozag_cash_rules_everything_around_me, bloody_makhleb,
          gammafunk_temple_overflow_elements, gammafunk_ghost_nasty_kobolds
D:5:      layout_loops_ring, okawaru_trees_1, nicolae_tso_besieged_by_evil,
          nicolae_overflow_crystal_walls, serial_shops, nicolae_shop_stone,
          minmay_misc_feat_chi, nicolae_alphabet_shops, kennysheep_potato

Skill      XL: |  1  2  3  4  5  6  7  8 |
---------------+-------------------------+-----
Staves         | 4 5 6 7 9 |  9.9
Invocations    | 2 3 |  3.0
Fighting       | |  2.1
Throwing       | |  1.7
Dodging        | |  2.4

Action                   |  1- 3 |  4- 6 |  7- 9 || total
-------------------------+-------+-------+-------++-------
Melee: Quarterstaff      |    97 |   189 |   150 ||   436
Throw: Throwing net      |       |     1 |       ||     1
  Use: Scroll            |       |     8 |     4 ||    12
 Stab: Held in net/web   |       |     2 |       ||     2
Armor: Leather armour    |    11 |       |       ||    11
       Ring mail         |    48 |    34 |       ||    82
       Chain mail        |       |   101 |    74 ||   175
Dodge: Dodged            |    61 |   102 |    41 ||   204

Table legend: (Time is in decaauts)
 A = Elapsed time spent in this place.
 B = Non-inter-level travel time spent in this place.
 C = Inter-level travel time spent in this place.
 D = Time resting spent in this place.
 E = Time spent auto-exploring this place.
 F = Levels seen in this place.
 G = Mean time per level.
                   A        B        C        D        E       F      G
               +--------+--------+--------+--------+--------+-----+--------+
         Total |   4280 |   4169 |    111 |   1051 |   2248 |   5 |  856.0 |
       Dungeon |   4280 |   4169 |    111 |   1051 |   2248 |   5 |  856.0 |
               +--------+--------+--------+--------+--------+-----+--------+

Top non-repeatable levels by time:
     D:3: 1063 daAuts
     D:2: 974 daAuts
     D:5: 942 daAuts
     D:1: 750 daAuts
     D:4: 550 daAuts
